 Dungeon Crawl Stone Soup version 0.25.1-2-g60ff931df9 (webtiles) character file.

Game seed: 3073562930611659973

128 Snicker the Sneak (level 4, 0/33 HPs)
             Began as a Demonspawn Assassin on Oct 3, 2020.
             Slain by Grinder (4 damage)
             ... on level 3 of the Dungeon on Oct 4, 2020.
             The game lasted 00:06:10 (2262 turns).

Snicker the Sneak (Demonspawn Assassin)             Turns: 2262, Time: 00:06:10

Health: 0/33       AC:  9    Str: 11    XL:     4   Next: 87%
Magic:  4/4        EV: 12    Int: 12    God:
Gold:   79         SH:  5    Dex: 16    Spells: 3/3 levels left

rFire    + . .     SeeInvis .   a - +2 dagger
rCold    + . .     Gourm    .   (no shield)
rNeg     . . .     Faith    .   b - +0 robe
rPois    +         Spirit   .   (no helmet)
rElec    +         Reflect  +   c - +0 cloak
rCorr    +         Harm     .   (no gloves)
MR       .....                  (no boots)
Stlth    +++.......             e - amulet of reflection
HPRegen  0.11/turn              j - +4 ring of protection
MPRegen  0.09/turn              (no ring)

@: resistant, flying
A: icy blue scales 1
a: no special abilities


You were on level 3 of the Dungeon.
You were not hungry.

You visited 1 branch of the dungeon, and saw 3 of its levels.

You collected 79 gold pieces.

Inventory:

Hand Weapons
 a - a +2 dagger (weapon)
Missiles
 d - 8 poisoned darts
 g - a throwing net
 u - a curare-tipped dart (quivered)
Armour
 b - a +0 robe (worn)
 c - a +0 cloak (worn)
Jewellery
 e - an amulet of reflection (around neck)
 j - a +4 ring of protection (left hand)
 k - an uncursed amulet of faith
Scrolls
 h - 3 scrolls of blinking {unknown}
 i - a scroll of fear {unknown}
 l - a scroll of noise {unknown}
 m - a scroll of random uselessness {unknown}
 o - a scroll of enchant armour {unknown}
 t - a scroll of identify {unknown}
 w - 3 scrolls of remove curse {unknown}
Potions
 p - a potion of resistance
 q - a potion of heal wounds {unknown}
 r - a potion of curing {unknown}
 s - a potion of invisibility {unknown}
Comestibles
 f - 5 rations
 v - 3 chunks of flesh


   Skills:
 + Level 2.3 Fighting
 * Level 2.9 Short Blades
 + Level 1.8 Throwing
 + Level 1.0 Dodging
 * Level 5.1 Stealth


You had 3 spell levels left.
You didn't know any spells.
Your spell library was empty.

Dungeon Overview and Level Annotations

Branches:
Dungeon (3/15)

Altars:
Okawaru
Qazlal

Annotations:
D:3 Grinder


Innate Abilities, Weirdness & Mutations

You are partially covered in icy blue scales. (AC +2)


Message History

Grinder hits you.
You writhe in agony.
The hobgoblin hits you.
You can move again.
Things that are here:
a +0 flail; an orc corpse You aren't carrying any items that you can evoke.
Unknown command.
Items here: )) [ †† a +0 whip; a +2 vorpal mace; a +0 leather armour; an orc corpse x2
You hit Grinder.
Grinder is lightly wounded.
Grinder hits you but does no damage.
It was a potion of resistance.
You feel protected. Grinder hits you.
You writhe in agony.
It was a potion of flight.
You feel very buoyant.
You fly up into the air.
Grinder hits you!
* * * LOW HITPOINT WARNING * * *
You writhe in agony.
You die...

....................
................/..#
.......##.#........#........
.......##.#........#.....o..
...#...##.#.....<..#........
...#...##.##.......#.......
.........................###
.................#..........
...............#@##.........
....#..........#5##.........
...###..........g..>........
...............#........:...
.#.)÷).#.......#............
##.._..##...................
.#.).).#....................
..................####.##...
...###............# ..#...


You could see Grinder and a hobgoblin.

Vanquished Creatures
  A gnoll (D:1)
  4 adders (D:2)
  2 oozes (D:2)
  2 worms (D:2)
  3 dart slugs
  2 leopard geckos
  5 orcs (D:3)
  2 ball pythons
  5 bats
  5 giant cockroaches
  2 goblins (D:2)
  8 hobgoblins
  4 kobolds
  3 quokkas (D:3)
  A frilled lizard (D:2)
  5 rats
54 creatures vanquished.

Notes
Turn   | Place    | Note
-------+----------+-------------------------------------------
     0 | D:1      | Snicker the Demonspawn Assassin began the quest for the
                  | Orb.
     0 | D:1      | Reached XP level 1. HP: 16/16 MP: 1/1
   220 | D:1      | Reached skill level 4 in Stealth
   249 | D:1      | Gained mutation: You are partially covered in icy blue
                  | scales. (AC +2) [demonic ancestry]
   249 | D:1      | Reached XP level 2. HP: 22/22 MP: 2/2
   522 | D:1      | Reached XP level 3. HP: 22/27 MP: 3/3
   764 | D:1      | Found a stormy altar of Qazlal.
  1045 | D:2      | Reached skill level 1 in Dodging
  1271 | D:2      | Reached XP level 4. HP: 33/33 MP: 4/4
  1384 | D:2      | Reached skill level 5 in Stealth
  2108 | D:3      | Found an iron altar of Okawaru.
  2245 | D:3      | Noticed Grinder
  2253 | D:3      | Paralysed by Grinder for 6 turns
  2262 | D:3      | Slain by Grinder

Illustrated notes

Levels and vault maps discovered:
D:1:      dpeg_arrival_water_altar, layout_loops_ring, dk_noncrumbling_3,
          grunt_decor_one_mirror
D:2:      layout_loops_corners, minmay_crystal_water
D:3:      layout_basic, ebering_ghost_sewer_d,
          hangedman_abyss_or_decor_lesser_grid, okawaru_ov_weapons_minmay,
          uniq_grinder

Skill      XL: |  1  2  3  4 |
---------------+-------------+-----
Stealth        | 4 5 |  5.1
Short Blades   | 2 |  2.9
Dodging        | 1 |  1.0
Fighting       | |  2.3
Throwing       | |  1.8

Action                   |  1- 3 |  4- 6 || total
-------------------------+-------+-------++-------
Melee: Dagger            |    85 |    77 ||   162
Throw: Dart              |     1 |     2 ||     3
  Use: Potion            |       |     2 ||     2
 Stab: Sleeping          |    13 |     6 ||    19
  Eat: Chunk             |     1 |     2 ||     3
       Ration            |       |     1 ||     1
Armor: Robe              |    24 |    24 ||    48
Dodge: Dodged            |    43 |    34 ||    77
Block: Other             |       |    15 ||    15
